 Dungeon Crawl Stone Soup version 0.31-a0-14-gc80a10f4b6 (webtiles) character file.

Game seed: 17524247992061558521

36537 bande the Cleaver (level 13, -10/82 HPs)
             Began as a Gargoyle Fighter on May 8, 2023.
             Was the Champion of Okawaru.
             Mangled by a komodo dragon (16 damage)
             ... on level 5 of the Lair of Beasts.
             The game lasted 00:33:21 (20161 turns).

bande the Cleaver (Gargoyle Fighter)               Turns: 20161, Time: 00:33:22

Health: -10/82     AC: 25    Str: 19 (20) XL:     13   Next: 90%
Magic:  19/19      EV:  8    Int: 16      God:    Okawaru [******]
Gold:   740        SH: 11    Dex: 14 (15) Spells: 10/12 levels left

rFire   + . .        M - +7 broad axe "Paraif" {heavy, rElec rF+ rCorr}
rCold   . . .        c - +0 buckler
rNeg    + . .        g - +0 chain mail
rPois   ∞            (helmet restricted)
rElec   +            k - +0 cloak
rCorr   +            q - +1 pair of gloves
SInv    .            (no boots)
Will    +....        x - amulet of reflection Stlth
                     F - ring "Jiymuec" {Fly rElec Int+6 Dex+2}
HPRegen 0.33/turn    n - ring "Sefye" {rElec Will+}
MPRegen 0.16/turn

%: reflection
@: attractive, flying
A: sickness immunity, AC +9, negative energy resistance 1, electricity
resistance, torment resistance 1, petrification resistance, horns 1, talons 1,
deterioration 1
a: Renounce Religion, Heroism, Finesse, Duel


You were on level 5 of the Lair of Beasts.
You worshipped Okawaru.
Okawaru was exalted by your worship.
You visited 3 branches of the dungeon, and saw 15 of its levels.

You collected 740 gold pieces.

Inventory:

Hand Weapons
 t - a +3 war axe of freezing
 A - a +4 scimitar of flaming
 M - the +7 broad axe "Paraif" (weapon) {heavy, rElec rF+ rCorr}
   (Okawaru gifted it to you on level 2 of the Lair of Beasts)

   rF:        It protects you from fire.
   rElec:     It insulates you from electricity.
   rCorr:     It protects you from acid and corrosion.
 Q - a +0 broad axe
Armour
 c - a +0 buckler (worn)
 g - a +0 chain mail (worn)
 k - a +0 cloak (worn)
 q - a +1 pair of gloves (worn)
 E - the +1 helmet of Uskayaw's Displeasure {rC++}
   (You found it on level 7 of the Dungeon)

   rC:        It greatly protects you from cold.
 N - the +3 kite shield of the Harvest {-Cast rElec rPois rC+}
   (Okawaru gifted it to you on level 3 of the Lair of Beasts)

   rC:        It protects you from cold.
   rElec:     It insulates you from electricity.
   rPois:     It protects you from poison.
   -Cast:     It prevents spellcasting.
Jewellery
 i - a ring of fire
 m - the ring "Jastas" {rN+ Str+6 Int+3 Stlth+}
   (You found it on level 7 of the Dungeon)

   [ring of strength]

   Str:       It affects your strength (+6).
   Int:       It affects your intelligence (+3).
   rN:        It protects you from negative energy.
   Stlth:     It makes you more stealthy.
 n - the ring "Sefye" (right hand) {rElec Will+}
   (You found it on level 7 of the Dungeon)

   [ring of willpower]

   rElec:     It insulates you from electricity.
   Will:      It increases your willpower.
 x - an amulet of reflection (around neck)
 D - the ring "Tadazep" {rF+ Str+3 Int-4 SInv}
   (You found it on level 7 of the Dungeon)

   [ring of see invisible]

   Str:       It affects your strength (+3).
   Int:       It affects your intelligence (-4).
   rF:        It protects you from fire.
   SInv:      It lets you see invisible.
 F - the ring "Jiymuec" (left hand) {Fly rElec Int+6 Dex+2}
   (You found it on level 7 of the Dungeon)

   [ring of intelligence]

   Int:       It affects your intelligence (+6).
   Dex:       It affects your dexterity (+2).
   rElec:     It insulates you from electricity.
   Fly:       It grants you flight.
Wands
 h - a wand of polymorph (11)
 s - a wand of flame (45)
 v - a wand of acid (7)
 C - a wand of paralysis (4)
 I - a wand of mindburst (9)
Scrolls
 b - 9 scrolls of blinking
 y - 2 scrolls of fear
 G - a scroll of enchant armour
 J - a scroll of fog
 K - 4 scrolls of teleportation
 L - a scroll of amnesia
 P - a scroll of poison
Potions
 d - 3 potions of might
 e - 4 potions of brilliance
 f - 6 potions of curing
 j - 3 potions of cancellation
 o - 2 potions of invisibility
 r - 6 potions of flight
 B - 2 potions of haste
 H - a potion of berserk rage


   Skills:
 + Level 9.9 Fighting
 + Level 1.0 Long Blades
 + Level 12.8 Axes
 + Level 9.9 Armour
 + Level 9.2 Shields
 * Level 5.4 Translocations
 - Level 8.7 Invocations
 - Level 7.6 Evocations


You had 10 spell levels left.
You knew the following spells:

 Your Spells              Type           Power      Damage    Failure   Level
a - Blink                 Tloc           34%        N/A       28%         2

Your spell library contained the following spells:

 Spells                   Type           Power      Damage    Failure   Level
 Lesser Beckoning         Tloc           34%        N/A       28%         2
 Gell's Gravitas          Tloc           17%        N/A       50%         3
 Teleport Other           Tloc           17%        N/A       50%         3
 Magic Dart               Conj           0%         1d3       87%         1
 Necrotise                Necr           0%         1d4       87%         1
 Manifold Assault         Tloc           17%        N/A       88%         4
 Poisonous Vapours        Pois/Air       0%         N/A       95%         2
 Searing Ray              Conj           0%         2d4       95%         2
 Wereblood                Tmut           0%         N/A       95%         2
 Mephitic Cloud           Conj/Pois/Air  0%         N/A       99%         3
 Stone Arrow              Conj/Erth      0%         3d7       99%         3
 Vampiric Draining        Necr           0%         2d6       99%         3
 Fulminant Prism          Conj/Hex       0%         3d5       100%        4
 Olgreb's Toxic Radiance  Pois           0%         N/A       100%        4
 Petrify                  Tmut/Erth      0%         N/A       100%        4
 Agony                    Necr           0%         N/A       100%        5
 Alistair's Intoxication  Tmut/Pois      0%         N/A       100%        5
 Blade Hands              Tmut           0%         N/A       100%        5
 Borgnjor's Vile Clutch   Necr/Erth      0%         N/A       100%        5
 Freezing Cloud           Conj/Ice/Air   0%         6-21      100%        5
 Irradiate                Conj/Tmut      0%         3d11      100%        5
 Eringya's Noxious Bog    Tmut/Pois      0%         N/A       100%        6
 Dragon Form              Tmut           0%         N/A       100%        7
 Storm Form               Tmut/Air       0%         N/A       100%        7
 Discord                  Hex            0%         N/A       100%        8
 Ignition                 Fire           0%         3d3       100%        8
 Lehudib's Crystal Spear  Conj/Erth      0%         10d2      100%        8
 Sublimation of Blood     Necr           Unusable   N/A       N/A         2
 Animate Armour           Summ/Erth      Unusable   N/A       N/A         4
 Summon Hydra             Summ           Unusable   N/A       N/A         7

Dungeon Overview and Level Annotations

Branches:
Dungeon (9/15)             Temple (1/1) D:4            Lair (5/5) D:9
 Shoals (0/4) Lair:2        Snake (0/4) Lair:2        Slime (0/5) Lair:5
    Orc: D:9-12

Altars:
Ashenzari
Cheibriados
Fedhas
Gozag
Hepliaklqana
Kikubaaqudgha
Makhleb
Nemelex Xobeh
Okawaru
Qazlal
Sif Muna
Trog
Uskayaw
Xom
Yredelemnul
Zin
The Shining One

Shops:
D:9 [


Innate Abilities, Weirdness & Mutations

You are immune to sickness and miasma.
Your stone body is resilient. (AC +9)
You are immune to poison.
You resist negative energy. (rN+)
You are resistant to electric shocks. (rElec)
You are resistant to unholy torment.
You are immune to petrification.
You have a pair of small horns on your head.
You have sharp toenails.
Your body sometimes deteriorates upon taking damage.


Message History

The komodo dragon is lightly wounded.
You hit the elephant but do no damage. The elephant tramples you!
* * * LOW HITPOINT WARNING * * *
Your body deteriorates!
You feel weakened.
You are shoved backwards!
You slice the elephant!!
You kill the elephant!
Okawaru accepts your kill.
You slash the komodo dragon!
The komodo dragon bites you but does no damage.
The elephant tramples you.
* * * LOW HITPOINT WARNING * * *
You hold your ground!
The elephant trunk-slaps you but does no damage.
The komodo dragon bites you!
* * * LOW HITPOINT WARNING * * *
Your body deteriorates!
You feel clumsy.
You feel your dexterity returning.
It was a potion of attraction.
You feel attractive to monsters. The elephant tramples you.
* * * LOW HITPOINT WARNING * * *
You hold your ground!
The elephant closely misses you. The komodo dragon closely misses you.
The elephant is attracted toward you.
Unknown command.
You bump into the rock wall.
The elephant tramples you but does no damage.
The elephant trunk-slaps you.
* * * LOW HITPOINT WARNING * * *
The komodo dragon bites you.
* * * LOW HITPOINT WARNING * * *
You closely miss the komodo dragon. Your kick misses the komodo dragon.
The komodo dragon is moderately wounded.
You slice the elephant!!
You feel less invigorated.
You feel less confused. The elephant tramples you.
* * * LOW HITPOINT WARNING * * *
You hold your ground!
You block the elephant's attack. The komodo dragon bites you!
You die...

..##,,,*#........,,,,**,,,,,,,,,,
....,,,*#.......#**,***,,,,,,,,,,
.##.#####P...##§##****,,.,,,**,,,
.###.#P......P.#.######..,,***,,,
..#......................,,**,,,,
..††..............†......,,*,**,,
.†.[†............††......,,,,,,,,
....†..........YYl...P...,,,,,,,,
.....[..........@#..PP#P.,,,,,,,,
.#..P..###......##...P#*.,,**,*,,
....#### ##....P.....##*,,**,,,,,
.####**** ##...P.#....#*,,,**,,,,
.# *,*,* #...##....##,,,,*,,,,,
.# **,,,* #....,P....,,,,,*,,,,,
.# *,,,,***#...,,+....#*,,*,,,,,,
.# *,,,,,**....,,*,,,,*,,,*,*,,,,
.#***,,,****,,,,,,*,,***,,,****,*


You could see 2 elephants and a komodo dragon.

Vanquished Creatures
  An azure jelly (Lair:3)
  2 hydras
  A two-headed ogre (D:9)
  Erica (D:8)
  3 death yaks (Lair:4)
  2 catoblepae (Lair:4)
  3 harpies (Lair:1)
  A deep elf pyromancer (D:7)
  An ugly thing (D:9)
  A cyclops (D:9)
  Maurice (D:8)
  4 elephants
  A black mamba (Lair:3)
  14 cane toads
  An unseen horror (D:7)
  Maggie (D:8)
  3 rime drakes
  8 komodo dragons
  5 trolls
  3 hornets
  Prince Ribbit (D:8)
  3 polar bears
  15 blink frogs
  5 slime creatures
  2 wraiths
  Sigmund (D:3)
  28 yaks
  3 wyverns
  5 basilisks
  Grum (D:9)
  A steam dragon (D:8)
  An acid dragon (D:9)
  10 water moccasins
  Duvessa (D:7)
  A sky beast (D:8)
  2 orc warriors
  2 black bears
  2 ice beasts (D:4)
  7 wolves
  2 ogres (D:7)
  2 phantoms
  4 kobold brigands
  7 bullfrogs
  A gnoll sergeant (D:7)
  3 scorpions
  17 wights
  Dowan (D:7)
  5 killer bees (D:7)
  4 howler monkeys
  9 jellies
  7 hounds
  4 orc priests
  Terence (D:3)
  5 sleepcaps
  A gnoll bouda (D:7)
  5 iguanas
  Natasha (twice) (D:4)
  8 orc wizards
  6 hell rats (Lair:3)
  8 gnolls
  5 adders
  2 shadow imps (D:8)
  2 white imps
  3 ufetubi
  A worm (D:2)
  7 dart slugs
  31 orcs
  8 endoplasms
  4 giant cockroaches
  7 goblins
  11 hobgoblins
  13 jackals
  4 quokkas
  9 ball pythons
  9 bats
  2 frilled lizards
  11 kobolds
  9 rats
388 creatures vanquished.

Vanquished Creatures (others)
  A bush (Lair:3)
  28 fungi
  30 plants
59 creatures vanquished.

Grand Total: 447 creatures vanquished

Notes
Turn   | Place    | Note
-------+----------+-------------------------------------------
     0 | D:1      | bande the Gargoyle Fighter began the quest for the Orb.
     0 | D:1      | Reached XP level 1. HP: 14/14 MP: 1/1
    69 | D:1      | Reached XP level 2. HP: 19/19 MP: 2/2
   105 | D:1      | Reached skill level 2 in Axes
   181 | D:1      | Reached XP level 3. HP: 24/24 MP: 3/3
   752 | D:2      | Found a faded altar of an unknown god.
   859 | D:2      | Reached XP level 4. HP: 29/29 MP: 4/4
  1160 | D:2      | Reached skill level 3 in Axes
  1614 | D:3      | Noticed Terence
  1620 | D:3      | Killed Terence
  1621 | D:3      | Reached XP level 5. HP: 33/33 MP: 5/5
  1651 | D:3      | Noticed Sigmund
  1671 | D:3      | Killed Sigmund
  1672 | D:3      | Reached skill level 4 in Axes
  1672 | D:3      | Reached XP level 6. HP: 10/39 MP: 6/6
  2826 | D:4      | Identified the +0 ring mail "Taoxtad" {rC++ Int-5}
  2835 | D:4      | Noticed an ice beast
  2847 | D:4      | Killed an ice beast
  2848 | D:4      | Reached skill level 5 in Axes
  2848 | D:4      | Reached skill level 1 in Evocations
  2848 | D:4      | Reached XP level 7. HP: 35/44 MP: 7/7
  3055 | D:4      | Found a staircase to the Ecumenical Temple.
  3059 | D:4      | Reached skill level 5 in Armour
  3068 | Temple   | Entered the Ecumenical Temple
  3091 | Temple   | Became a worshipper of Warmaster Okawaru
  3520 | D:4      | Noticed Natasha
  3530 | D:4      | Killed Natasha
  3648 | D:4      | Noticed Natasha
  3659 | D:4      | Killed Natasha
  3930 | D:5      | Entered Level 5 of the Dungeon
  3941 | D:5      | Reached XP level 8. HP: 48/48 MP: 8/8
  3964 | D:5      | Reached skill level 5 in Fighting
  3964 | D:5      | Reached skill level 6 in Axes
  3964 | D:5      | Reached skill level 1 in Invocations
  5156 | D:6      | Reached * piety under Okawaru
  5626 | D:6      | Reached skill level 7 in Axes
  5641 | D:6      | Reached XP level 9. HP: 27/55 MP: 11/11
  6130 | D:6      | Found a broken altar of Ashenzari.
  6386 | D:6      | Reached ** piety under Okawaru
  6463 | D:7      | Noticed a hornet
  6478 | D:6      | Killed a hornet
  7116 | D:7      | Reached skill level 5 in Shields
  7156 | D:7      | Reached skill level 8 in Axes
  7236 | D:7      | Found a burning altar of Makhleb.
  7241 | D:7      | Identified the +1 helmet of Uskayaw's Displeasure {rC++}
  7257 | D:7      | Noticed Duvessa
  7267 | D:7      | Killed Duvessa
  7267 | D:7      | Noticed Dowan
  7275 | D:7      | Killed Dowan
  7275 | D:7      | Reached *** piety under Okawaru
  7350 | D:7      | Found an ancient bone altar of Kikubaaqudgha.
  7464 | D:7      | Reached XP level 10. HP: 59/61 MP: 13/13
  7846 | D:7      | Paralysed by a gnoll sergeant for 4 turns
  7953 | D:7      | Noticed a deep elf pyromancer
  7970 | D:7      | Killed a deep elf pyromancer
  7970 | D:7      | Reached **** piety under Okawaru
  7971 | D:7      | Reached skill level 5 in Invocations
  7974 | D:7      | Killed an unseen horror
  7975 | D:7      | Reached skill level 9 in Axes
  8399 | D:7      | Reached skill level 5 in Evocations
  8615 | D:7      | Identified the ring "Jastas" {rN+ Str+6 Int+3 Stlth+}
  8618 | D:7      | Identified the ring "Sefye" {rElec Will+}
  8627 | D:7      | Identified the ring "Tadazep" {rF+ Str+3 Int-4 SInv}
  8630 | D:7      | Identified the ring "Jiymuec" {Fly rElec Int+6 Dex+2}
  8791 | D:8      | Noticed Maurice
  9131 | D:8      | Killed Maurice
  9131 | D:8      | Reached ***** piety under Okawaru
  9432 | D:8      | Noticed Prince Ribbit
  9449 | D:8      | Killed Prince Ribbit
  9450 | D:8      | Reached XP level 11. HP: 58/67 MP: 15/15
  9580 | D:8      | Found a glowing silver altar of Zin.
  9669 | D:8      | Noticed Maggie
  9682 | D:8      | Noticed Erica
  9683 | D:8      | Killed Maggie
  9705 | D:8      | Killed Erica
  9908 | D:8      | Reached skill level 10 in Axes
 10116 | D:8      | Found a sparkling altar of Nemelex Xobeh.
 10159 | D:8      | Found a glowing golden altar of the Shining One.
 10537 | D:9      | Noticed a two-headed ogre
 10545 | D:9      | Killed a two-headed ogre
 10548 | D:9      | Received a gift from Okawaru
 10745 | D:9      | Noticed Grum
 10763 | D:9      | Killed Grum
 11161 | D:9      | Found a staircase to the Lair.
 11192 | D:9      | Noticed a brown ugly thing
 11214 | D:9      | Killed a brown ugly thing
 11225 | D:9      | HP: 3/68 [orc warrior/+0 trident (3)]
 11526 | D:9      | Noticed a cyclops
 11537 | D:9      | Killed a cyclops
 11537 | D:9      | Received a gift from Okawaru
 11928 | D:9      | Learned a level 2 spell: Blink
 12316 | D:9      | Found Tafoydeco's Antique Armour Emporium.
 12325 | D:9      | Reached skill level 1 in Translocations
 12768 | Lair:1   | Entered Level 1 of the Lair of Beasts
 12794 | Lair:1   | Reached XP level 12. HP: 22/73 MP: 17/17
 13447 | Lair:1   | Reached skill level 11 in Axes
 14107 | Lair:2   | Found a staircase to the Shoals.
 15152 | Lair:2   | Found a staircase to the Snake Pit.
 15221 | Lair:2   | Identified the +7 broad axe "Paraif" {heavy, rElec rF+
                  | rCorr} (Okawaru gifted it to you on level 2 of the Lair of
                  | Beasts)
 15221 | Lair:2   | Received a gift from Okawaru
 15495 | Lair:2   | Noticed a five-headed hydra
 15514 | Lair:2   | Killed a one-headed hydra
 15514 | Lair:2   | Reached ****** piety under Okawaru
 16573 | Lair:3   | Identified the +3 kite shield of the Harvest {-Cast rElec
                  | rPois rC+} (Okawaru gifted it to you on level 3 of the Lair
                  | of Beasts)
 16573 | Lair:3   | Received a gift from Okawaru
 16574 | Lair:3   | Reached XP level 13. HP: 80/80 MP: 19/19
 17231 | Lair:3   | Reached skill level 12 in Axes
 19076 | Lair:4   | Reached skill level 1 in Long Blades
 19191 | Lair:4   | Noticed an azure jelly
 19346 | Lair:3   | Killed an azure jelly
 19402 | Lair:4   | Reached skill level 5 in Translocations
 20016 | Lair:4   | Gained mutation: You have large cloven feet. [potion of
                  | mutation]
 20016 | Lair:4   | Gained mutation: You have a pair of small horns on your
                  | head. [potion of mutation]
 20016 | Lair:4   | Gained mutation: You possess an exceptional clarity of
                  | mind. [potion of mutation]
 20017 | Lair:4   | Lost mutation: You have a pair of small horns on your head.
                  | [potion of mutation]
 20017 | Lair:4   | Lost mutation: You possess an exceptional clarity of mind.
                  | [potion of mutation]
 20017 | Lair:4   | Gained mutation: You have hoof-like feet. [potion of
                  | mutation]
 20017 | Lair:4   | Gained mutation: You have a pair of small antennae on your
                  | head. [potion of mutation]
 20018 | Lair:4   | Lost mutation: You have a pair of small antennae on your
                  | head. [potion of mutation]
 20018 | Lair:4   | Lost mutation: You have hoof-like feet. [potion of
                  | mutation]
 20018 | Lair:4   | Lost mutation: You have large cloven feet. [potion of
                  | mutation]
 20018 | Lair:4   | Gained mutation: Your body sometimes deteriorates upon
                  | taking damage. [potion of mutation]
 20018 | Lair:4   | Gained mutation: You have a pair of small horns on your
                  | head. [potion of mutation]
 20018 | Lair:4   | Gained mutation: You have sharp toenails. [potion of
                  | mutation]
 20094 | Lair:5   | Entered Level 5 of the Lair of Beasts
 20121 | Lair:5   | Identified the +0 robe of Melancholy {rF- Int+5} (Okawaru
                  | gifted it to you on level 5 of the Lair of Beasts)
 20121 | Lair:5   | Received a gift from Okawaru
 20158 | Lair:5   | HP: 3/82 [komodo dragon (9)]
 20161 | Lair:5   | Mangled by a komodo dragon

Illustrated notes

Levels and vault maps discovered:
D:1:      dpeg_arrival_solitude, layout_basic, minmay_tetromino_l2
D:2:      layout_basic, dreamdust_ecumenical_altar_hidden_monk_grotto,
          roderic_roman_lattice, corexii_leaking_fountain, minivault_14,
          minmay_cupped
D:3:      layout_loops_ring, uniq_terence, uniq_sigmund
D:4:      layout_loops_ring, minmay_temple_entry_proselytizer, uniq_natasha
D:5:      layout_loops_ring
D:6:      layout_rooms, mainiacjoe_overflow_six_doors_small
D:7:      minmay_the_grid_triangle_9x9_rhombus_full
          [minmay_the_grid_triangle_9x9_thin_v,
          minmay_the_grid_triangle_9x9_dagger,
          minmay_the_grid_triangle_9x9_semitri,
          minmay_the_grid_triangle_9x9_longest,
          minmay_the_grid_triangle_9x9_limited_checkers,
          minmay_the_grid_triangle_9x9_corruption,
          minmay_the_grid_triangle_9x9_from_above,
          minmay_the_grid_triangle_9x9_prize_special], layout_basic,
          marbit_many_paths, mainiacjoe_overflow_cross_hatched,
          serial_bayou_pond_b, uniq_duvessa
D:8:      layout_cave_pools, mainiacjoe_overflow_chevrons,
          nicolae_overflow_crystal_walls, tso_oasis_becter, uniq_erica,
          uniq_prince_ribbit1, uniq_maggie, uniq_maurice
D:9:      minmay_chambers_of_sixes, layout_layer_cave, david_lair_generic,
          serial_shops, nicolae_shop_overgrown_old_shop, uniq_grum
Temple:   nicolae_temple_ecumenical_triangle
Lair:1:   layout_hall_layers, infiniplex_staircase_pool_2
Lair:2:   layout_roguey, nicolae_shoals_entry_roost, dummy_snake_entry
Lair:3:   layout_regular_city
Lair:4:   layout_small_grid, nicolae_lair_time_for_slime
Lair:5:   grunt_lair_end_beastmaster, layout_regular_city, slime_entry_1,
          gauntlet_entry_generic, st_stairs_8

Skill      XL: |  1  2  3  4  5  6  7  8  9 10 11 12 13 |
---------------+----------------------------------------+-----
Axes           | 2 3 4 5 7 8 9 10 11 12 | 12.8
Fighting       | 4 5 6 7 8 9 |  9.9
Armour         | 4 5 6 7 8 9 |  9.9
Shields        | 4 5 6 7 8 9 |  9.2
Evocations     | 1 2 3 4 5 6 7 |  7.6
Invocations    | 2 4 5 7 8 |  8.7
Translocations | 1 3 5 |  5.4
Long Blades    | 1 |  1.0

Action                     |  1- 3 |  4- 6 |  7- 9 | 10-12 | 13-15 || total
---------------------------+-------+-------+-------+-------+-------++-------
  Melee: War axe           |   138 |   154 |   406 |   589 |       ||  1287
         Broad axe         |       |       |       |    57 |   167 ||   224
         Scimitar          |       |       |       |     6 |     6 ||    12
         Kick              |       |       |       |       |     9 ||     9
         Headbutt          |       |       |       |       |     6 ||     6
    Use: Scroll            |       |     8 |     9 |     5 |     3 ||    25
         Potion            |       |       |     2 |     5 |     5 ||    12
   Stab: Petrified         |       |       |       |       |     3 ||     3
 Armour: Scale mail        |    87 |    22 |       |       |       ||   109
         Chain mail        |       |    72 |   314 |   398 |   160 ||   944
  Dodge: Dodged            |    54 |    48 |   155 |   245 |    87 ||   589
  Block: Buckler           |    34 |    25 |   141 |   412 |   132 ||   744
         Reflection        |       |       |       |     5 |       ||     5

Table legend: (Time is in decaauts)
 A = Elapsed time spent in this place.
 B = Non-inter-level travel time spent in this place.
 C = Inter-level travel time spent in this place.
 D = Time resting spent in this place.
 E = Time spent auto-exploring this place.
 F = Levels seen in this place.
 G = Mean time per level.
                   A        B        C        D        E       F      G
               +--------+--------+--------+--------+--------+-----+--------+
         Total |  20512 |  20101 |    411 |   8063 |   8474 |  15 | 1367.5 |
       Dungeon |  12586 |  12227 |    359 |   4142 |   5633 |   9 | 1398.4 |
        Temple |    407 |    407 |      0 |    361 |      0 |   1 |  407.0 |
          Lair |   7518 |   7466 |     52 |   3560 |   2841 |   5 | 1503.6 |
               +--------+--------+--------+--------+--------+-----+--------+

Top non-repeatable levels by time:
     D:7: 2429 daAuts
  Lair:1: 2307 daAuts
     D:9: 2252 daAuts
  Lair:4: 1971 daAuts
  Lair:3: 1928 daAuts
     D:8: 1431 daAuts
     D:4: 1397 daAuts
     D:6: 1236 daAuts
  Lair:2: 1233 daAuts
     D:5: 1227 daAuts
     D:3: 1123 daAuts
     D:2: 838 daAuts
     D:1: 649 daAuts
  Temple: 407 daAuts
  Lair:5: 77 daAuts
